 Dungeon Sprint DCSS version 0.32-a0-666-ge8a88695a4 (webtiles) character file.

Game seed: 17773326479816095171

11213892 Prakerore the Ex Machina (level 18, 182/182 HPs)
             Began as a Coglin Hunter on Mar 9, 2024.
             Was an Initiate of Gozag.
             Escaped with the Orb
             ... and 6 runes on Mar 10, 2024!
             The game lasted 01:33:59 (21125 turns).

Prakerore the Ex Machina (Coglin Hunter)           Turns: 21125, Time: 01:34:00

Health: 182/182    AC: 40    Str: 20    XL:     18   Next: 58%
Magic:  16/16      EV: 28    Int: 12    God:    Gozag
Gold:   26325      SH:  0    Dex: 24    Spells: 6/17 levels left

rFire   + + .        F - +5 hand cannon of the Foot {drain, *Slow rC+ Str+3 Int+3}
rCold   + . .        j - +7 hand cannon "Qokhac" {flame, rElec rCorr}
rNeg    . . .        f - +8 chain mail of the Saviour {Will+}
rPois   +            s - +2 helmet {SInv}
rElec   +            l - +2 cloak {rCorr}
rCorr   +            u - +0 pair of gloves of Jeosk {rF+ Int-2 Dex+3}
SInv    +            k - +1 pair of boots of the Game of Life {rPois Str+3}
Will    ++...        (amulet unavailable)
Stlth   +            (ring unavailable)
HPRegen 0.50/turn    (ring unavailable)
MPRegen 0.15/turn    c - turboramjet N-00 {Rampage Acrobat rElec rF+}

%: no teleportation, random rage (3%), slow self (1%), acrobat, rampage
@: studying 2 skills
A: off-hand wielding, slow wielding, warmup strikes, no jewellery, iridescent
scales 1, berserk 1, low MP 1, mutation resistance 1, subdued magic 1
0: Orb of Zot
}: 6/10 runes: serpentine, barnacled, silver, golden, iron, obsidian
a: Renounce Religion, Potion Petition, Call Merchant, Bribe Branch


You escaped.
You worshipped Gozag.
Gozag was extremely pleased with you.
You visited 1 branch You collected 36419 gold pieces.
You spent 4695 gold pieces at shops.
You paid 5399 gold pieces to Gozag.

Inventory:

Hand Weapons
 j - the +7 hand cannon "Qokhac" (offhand) {flame, rElec rCorr}
   (You acquired it in the Dungeon)

   rElec:     It insulates you from electricity.
   rCorr:     It protects you from acid and corrosion.
 A - the +9 hand cannon of Hep Meism {antimagic, Str+3}
   (You found it in the Dungeon)

   Str+3:     It affects your strength (+3).
 F - the +5 hand cannon of the Foot (weapon) {drain, *Slow rC+ Str+3 Int+3}
   (You acquired it in the Dungeon)

   Str+3:     It affects your strength (+3).
   Int+3:     It affects your intelligence (+3).
   rC+:       It protects you from cold.
   *Slow:     It may slow you when you take damage.
Missiles
 t - 4 poisoned darts
 x - 7 curare-tipped darts
 B - 11 atropa-tipped darts
 C - 4 javelins
 Q - 30 darts of dispersal
 S - 5 datura-tipped darts
 T - 10 silver javelins
Armour
 a - a +1 cloak
 f - the +8 chain mail of the Saviour (worn) {Will+}
   (You took it off a skeletal warrior in the Dungeon)

   Will+:     It increases your willpower.
 k - the +1 pair of boots of the Game of Life (worn) {rPois Str+3}
   (You acquired it in the Dungeon)

   Str+3:     It affects your strength (+3).
   rPois:     It protects you from poison.
 l - a +2 cloak of preservation (worn)
 s - a +2 helmet of see invisible (worn)
 u - the +0 pair of gloves of Jeosk (worn) {rF+ Int-2 Dex+3}
   (You acquired it in the Dungeon)

   Int-2:     It affects your intelligence (-2).
   Dex+3:     It affects your dexterity (+3).
   rF+:       It protects you from fire.
 U - the +4 dragonskin cloak
   (You took it off Tiamat in the Dungeon)

   Avatar's Aegis: It grants the wearer a chance to resist fire, cold, poison,
   electricity, acid, and negative energy.
Magical Staves
 I - a staff of cold
 J - a staff of death
 Y - a staff of alchemy
 Z - the staff "Dyukof" {*Slow rPois rN+ Str-2 Int+8 Necro}
   (You found it in the Dungeon)

   [staff of death]

   Base accuracy: +5 Base damage: 5 Base attack delay: 1.2 This weapon's minimum
   attack delay (0.6) is reached at skill level 12.
   Str-2:     It affects your strength (-2).
   Int+8:     It affects your intelligence (+8).
   rPois:     It protects you from poison.
   rN+:       It protects you from negative energy.
   *Slow:     It may slow you when you take damage.
   Necro:     It increases the power of your Necromancy spells.
   It falls into the 'Staves' category.
   It is a one-graspered weapon.
Gizmo
 c - a turboramjet N-00 (installed) {Rampage Acrobat rElec rF+}
   (You invented it yourself in the Dungeon)

   [turboramjet N-00]

   rF+:       It protects you from fire.
   rElec:     It insulates you from electricity.
   Rampage:   It bestows one free step when moving towards enemies.
   Acrobat:   It increases your evasion after moving or waiting.
Talismans
 R - a granite talisman
Wands
 i - a wand of polymorph (14)
 q - a wand of warping (7)
 v - a wand of digging (8)
 G - a wand of flame (19)
 M - a wand of light (1)
 V - a wand of mindburst (22)
Scrolls
 b - a scroll of butterflies
 n - 3 scrolls of torment
 o - 7 scrolls of amnesia
 H - 11 scrolls of identify
Potions
 e - 17 potions of curing
 g - 2 potions of haste
 h - 3 potions of magic
 m - 4 potions of mutation
 w - 2 potions of might
 y - 5 potions of heal wounds
 z - 4 potions of lignification
 D - 2 potions of cancellation
 E - 2 potions of ambrosia
 K - a potion of invisibility
 O - a potion of attraction
 P - 2 potions of resistance
 W - 2 potions of degeneration
Miscellaneous
 d - a condenser vane
 r - a lightning rod (4/4)
 L - a phantom mirror
 N - a sack of spiders
 X - the horn of Geryon


   Skills:
 O Level 27 Fighting
 - Level 18.0 Ranged Weapons
 - Level 16.0 Throwing
 + Level 24.6 Armour
 O Level 27 Dodging
 - Level 7.0 Stealth
 - Level 11.4 Translocations
 O Level 27 Evocations
 - Level 17.5 Shapeshifting


You had 6 spell levels left.
You knew the following spells:

 Your Spells              Type           Power      Damage    Failure   Level
a - Blink                 Tloc           42%        N/A       1%          2
b - Apportation           Tloc           42%        N/A       1%          1
c - Lesser Beckoning      Tloc           42%        N/A       1%          2
d - Gell's Gravitas       Tloc           21%        N/A       1%          3
e - Teleport Other        Tloc           21%        N/A       1%          3

Your spell library contained the following spells:

 Spells                   Type           Power      Damage    Failure   Level
 Volatile Blastmotes      Fire/Tloc      20%        2d11      22%         3
 Foxfire                  Conj/Fire      0%         2x1d4     61%         1
 Magic Dart               Conj           0%         1d3       61%         1
 Necrotise                Necr           0%         1d4       61%         1
 Slow                     Hex            0%         N/A       61%         1
 Sting                    Conj/Alch      0%         1d3       61%         1
 Summon Small Mammal      Summ           0%         N/A       61%         1
 Dimensional Bullseye     Hex/Tloc       5%         N/A       61%         4
 Vhi's Electric Charge    Tloc/Air       20%        N/A       61%         4
 Call Imp                 Summ           0%         N/A       77%         2
 Cigotuvi's Dreadful Rot  Necr/Alch/Air  0%         N/A       77%         2
 Mercury Vapours          Alch/Air       0%         N/A       77%         2
 Dazzling Flash           Conj/Hex       0%         N/A       94%         3
 Frozen Ramparts          Ice            0%         1d1       94%         3
 Stone Arrow              Conj/Erth      0%         3d7       94%         3
 Airstrike                Air            0%         2d(0-16)  100%        4
 Animate Armour           Summ/Erth      0%         N/A       100%        4
 Dispel Undead            Necr           0%         3d6       100%        4
 Ignite Poison            Fire/Alch      0%         N/A       100%        4
 Leda's Liquefaction      Alch/Erth      0%         N/A       100%        4
 Martyr's Knell           Necr/Summ      0%         N/A       100%        4
 Olgreb's Toxic Radiance  Alch           0%         N/A       100%        4
 Petrify                  Alch/Erth      0%         N/A       100%        4
 Metabolic Englaciation   Hex/Ice        0%         N/A       100%        5
 Bombard                  Conj/Erth      0%         9d1       100%        6
 Death Channel            Necr           0%         N/A       100%        6
 Starburst                Conj/Fire      0%         6d3       100%        6
 Lehudib's Crystal Spear  Conj/Erth      0%         10d2      100%        8
 Maxwell's Capacitive Co  Air            0%         ∞         100%        8


Dungeon Overview and Level Annotations

Branches:
Dungeon (1/1)

Altars:
Cheibriados
Dithmenos
Elyvilon
Fedhas
Gozag
Hepliaklqana
Kikubaaqudgha
Makhleb
Nemelex Xobeh
Okawaru
Qazlal
Ru
Sif Muna
Trog
Uskayaw
Vehumet
Wu Jian
Xom
Yredelemnul
Zin
The Shining One
Beogh
Jiyva
Lugonu

Shops:
D [!=([:!![[!*[?[![=(:*[

Annotations:
D exclusions: door, orange crystal statue and yaktaur captain


Innate Abilities, Weirdness & Mutations

You can wield a second weapon in your off-hand.
It takes a long time for you to wield or remove held weapons.
Your first few attacks do less damage.
You cannot equip rings or amulets.
You are partially covered in iridescent scales. (AC +2)
You sometimes lose your temper in combat.
Your magical capacity is low. (-10% MP)
You are somewhat resistant to further mutation.
Your spells are a little easier to cast, but a little less powerful.


Message History

Your magical contamination has completely faded away.
There is an open door here.
There is an open door, spattered with blood here.
Things that are here:
a +1 short sword of draining; a +0 club You feel yourself speed up.
There is an open door here.
You see here the staff "Qywnuunex" {rPois rN+++ rCorr Int-2 SInv Alchemy}.
There is an open door here.
Things that are here:
a +0 robe; a +0 giant spiked club
Things that are here:
a +0 giant spiked club; a +0 giant club
Things that are here:
a +0 giant club; a +0 giant club
Things that are here:
a +0 leather armour; a +0 mace
Items here: )))) [[.
Things that are here:
a +0 dire flail; a +0 giant spiked club
There is an open door, spattered with blood here.
There is an open door here.
Things that are here:
a +0 robe; a +0 hand axe
There is a fountain of clear blue water here.
Things that are here:
a +0 robe; a +0 dagger
There is an open door to the Ecumenical Temple here.
Things that are here:
a +0 robe; a +0 dagger Your extra speed is starting to run out.
Things that are here:
a +0 giant club; a +0 giant club You see here a human skeleton.
You feel yourself slow down.
Things that are here:
a +0 club; the human skeleton of Jessica You see here a rat skeleton.
There is a staircase leading out of the dungeon here.
You have escaped!

▓▓▓▓▓▓▓▓▓ ▓▓
▓@..#(..#### ##.
▓...#......#####..
▓..##.......#..#..
▓##.##.##...#..#..
##.##.###..##'#..
▓#.####)##..###...
▓.###..##..####..[
▓#..÷..##..###....
###..##÷..##.....


There were no monsters in sight!

Vanquished Creatures
  Gloorx Vloq (D)
  An ancient lich (D)
  3 royal mummies (D)
  Sojobo (D)
  Boris (D)
  A Killer Klown (D)
  Sigmund (D)
  Geryon (D)
  A pandemonium lord (D)
  An electric golem (D)
  Rupert (D)
  A Hell Sentinel (D)
  A lich (D)
  2 Orb Guardians (D)
  4 deep elf blademasters (D)
  A titan (D)
  An Executioner (D)
  2 quicksilver dragons (D)
  2 sphinxes (D)
  A kraken (D)
  Gastronok (D)
  Chuck (D)
  A storm dragon (D)
  4 azure jellies (D)
  2 shadow dragons (D)
  Roxanne (D)
  A nagaraja (D)
  3 fire giants (D)
  2 draconian scorchers (D)
  2 frost giants (D)
  2 draconian stormcallers (D)
  An iron dragon (D)
  2 vampire knights (D)
  Nessos (D)
  4 stone giants (D)
  4 deep elf annihilators (D)
  2 deep elf death magi (D)
  Azrael (D)
  2 dire elephants (D)
  A fire dragon (D)
  An iron golem (D)
  9 mummy priests (D)
  17 vault guards (D)
  3 yaktaur captains (D)
  Erolcha (D)
  A hydra (D)
  2 alligator snapping turtles (D)
  An ogre mage (D)
  2 hell beasts (D)
  2 centaur warriors (D)
  4 dancing weapons (D)
  4 death yaks (D)
  3 anacondas (D)
  An iron elemental (D)
  A naga warrior (D)
  Urug (D)
  2 orc high priests (D)
  3 titan zombies (D)
  2 soul eaters (D)
  A deep elf knight (D)
  A cyclops (shapeshifter) (D)
  2 sun demons (D)
  A shadow wraith (D)
  9 skeletal warriors (D)
  A glowing orange brain (D)
  A spriggan druid (D)
  A mana viper (shapeshifter) (D)
  2 kraken simulacra (D)
  A golden dragon zombie (D)
  An anaconda zombie (D)
  4 thermic dynamos (D)
  2 obsidian statues (D)
  A lindwurm (D)
  A sea snake (shapeshifter) (D)
  3 deep elf pyromancers (D)
  3 orc knights (D)
  3 deep elf zephyrmancers (D)
  4 ugly things (D)
  An orc sorcerer (D)
  A shining eye (D)
  2 oklob plants (D)
  A meliai (D)
  6 black mambas (D)
  A guardian serpent (D)
  2 elephants (D)
  2 iron troll simulacra (D)
  A molten gargoyle (D)
  An eye of devastation (shapeshifter) (D)
  8 statues (D)
  3 rust devils (D)
  2 cane toads (D)
  11 yaktaurs (D)
  A rime drake (D)
  A komodo dragon (D)
  6 hellions (D)
  2 ice devils (D)
  An anaconda simulacrum (D)
  2 tyrant leeches (D)
  13 guardian mummies (D)
  A queen bee (D)
  3 wandering mushrooms (D)
  4 spriggan defenders (D)
  2 hornets (D)
  8 blink frogs (D)
  4 snapping turtles (D)
  2 glass eyes (D)
  10 slime creatures (D)
  4 shadows (D)
  2 spriggans (D)
  A golden eye (D)
  5 redbacks (D)
  2 nagas (D)
  A spatial vortex (D)
  A swamp worm (shapeshifter) (D)
  A hydra simulacrum (D)
  4 water moccasins (D)
  A swamp drake (D)
  2 orc warriors (D)
  2 black mamba simulacra (D)
  An ogre (D)
  5 two-headed ogres (D)
  A weeping skull (D)
  A water elemental (D)
  A wight (D)
  A burial acolyte (D)
  32 killer bees (D)
  4 electric eels (D)
  8 quasits (D)
  A jelly (D)
  5 orc priests (D)
  Jessica (D)
  4 orc wizards (D)
  A wolf simulacrum (D)
  3 humans (D)
  A kobold demonologist (D)
  4 adders (D)
  A dart slug (D)
  7 orcs (D)
  2 endoplasms (D)
  2 rats (D)
  3 ball lightnings (D)
  A ballistomycete spore (D)
  9 butterflies (D)
395 creatures vanquished.

Vanquished Creatures (collateral kills)
  Tiamat (D)
  Dispater (D)
  An orb of fire (D)
  Mara (D)
  Mennas (D)
  Nikola (D)
  An iron giant (D)
  A Brimstone Fiend (D)
  2 Hell Sentinels (D)
  2 draconian shifters (D)
  A vampire knight (D)
  4 war gargoyles (D)
  An iron elemental (D)
  A statue (D)
  A yaktaur (D)
  A quasit (D)
21 creatures vanquished.

Vanquished Creatures (others)
  the Serpent of Hell (D)
  A yellow draconian (D)
  A hydra (D)
  A moth of wrath (D)
  A yaktaur (D)
  A hornet (D)
  A ball lightning (D)
  3 ballistomycete spores (D)
  24 tentacles (D)
34 creatures vanquished.

Grand Total: 450 creatures vanquished

Notes
Turn   | Place    | Note
-------+----------+-------------------------------------------
     0 | D        | Prakerore the Coglin Hunter began the quest for the Orb.
     0 | D        | Reached XP level 1. HP: 16/16 MP: 1/1
    25 | D        | Noticed Jessica
    43 | D        | Killed Jessica
    44 | D        | Reached XP level 2. HP: 19/22 MP: 2/2
    44 | D        | Reached XP level 3. HP: 23/27 MP: 3/3
   111 | D        | Noticed Crazy Yiuf
   167 | D        | Crazy Yiuf changed into Crazy Yiuf the dart slug
   167 | D        | Noticed Crazy Yiuf
   174 | D        | Killed Crazy Yiuf the dart slug
   220 | D        | Noticed a water elemental
   433 | D        | Killed a water elemental
   434 | D        | Reached skill level 1 in Stealth
   434 | D        | Reached XP level 4. HP: 33/33 MP: 4/4
   437 | D        | Found a radiant altar of Vehumet.
   437 | D        | Found a shimmering blue altar of Sif Muna.
   437 | D        | Found an ancient bone altar of Kikubaaqudgha.
   449 | D        | Reached XP level 5. HP: 39/41 MP: 5/5
   464 | D        | Reached skill level 1 in Evocations
   488 | D        | Found a basalt altar of Yredelemnul.
   488 | D        | Found a shadowy altar of Dithmenos.
   488 | D        | Found a sacrificial altar of Ru.
   488 | D        | Noticed a weeping skull
   518 | D        | Killed a weeping skull
   519 | D        | Reached XP level 6. HP: 46/48 MP: 6/6
   539 | D        | Reached skill level 5 in Fighting
   560 | D        | Reached skill level 5 in Dodging
   566 | D        | Noticed a shadow
   571 | D        | Killed a shadow
   572 | D        | Reached XP level 7. HP: 52/60 MP: 7/7
   602 | D        | Found a blossoming altar of Fedhas.
   602 | D        | Found a stormy altar of Qazlal.
   603 | D        | Found a snail-covered altar of Cheibriados.
   603 | D        | Found a burning altar of Makhleb.
   603 | D        | Found a hazy altar of Hepliaklqana.
   603 | D        | Found a shimmering altar of Xom.
   603 | D        | Found an opulent altar of Gozag.
   603 | D        | Found a sparkling altar of Nemelex Xobeh.
   603 | D        | Found a corrupted altar of Lugonu.
   603 | D        | Found a viscous altar of Jiyva.
   603 | D        | Noticed a spatial vortex
   617 | D        | Killed a spatial vortex
   618 | D        | Reached skill level 10 in Evocations
   626 | D        | Became a worshipper of Gozag Ym Sagoz the Greedy
  1154 | D        | Noticed a two-headed ogre
  1158 | D        | Killed a two-headed ogre
  1159 | D        | Reached XP level 8. HP: 50/68 MP: 8/8
  1262 | D        | Noticed Erolcha
  1265 | D        | Killed Erolcha
  1266 | D        | Reached skill level 15 in Evocations
  1266 | D        | Reached skill level 10 in Fighting
  1266 | D        | Reached XP level 9. HP: 57/78 MP: 9/9
  1358 | D        | Noticed a two-headed ogre
  1392 | D        | Killed a two-headed ogre
  1412 | D        | Reached skill level 5 in Stealth
  1460 | D        | Found Jim Jiun's Antique Armour Boutique.
  1489 | D        | Noticed an orc sorcerer
  1492 | D        | Killed an orc sorcerer
  1512 | D        | Reached skill level 10 in Dodging
  1768 | D        | Noticed an orc high priest
  1772 | D        | Noticed a rust devil
  1773 | D        | Noticed a smoke demon
  1778 | D        | Killed an orc high priest
  1779 | D        | Reached XP level 10. HP: 87/87 MP: 10/10
  1785 | D        | Found a roughly hewn altar of Beogh.
  1806 | D        | Bought a shiny helmet for 165 gold pieces
  1816 | D        | Bought an encrusted leather armour for 154 gold pieces
  1816 | D        | Identified the +0 leather armour of the End {Str+6} (You
                  | bought it in a shop in the Dungeon)
  1816 | D        | Bought a glimmering leather armour for 154 gold pieces
  1816 | D        | Identified the +1 leather armour of the Armoured One {rElec
                  | Will+ MP+9} (You bought it in a shop in the Dungeon)
  1888 | D        | Noticed a deep elf pyromancer
  1888 | D        | Noticed a deep elf zephyrmancer
  1888 | D        | Noticed a deep elf pyromancer
  1888 | D        | Noticed a deep elf zephyrmancer
  1888 | D        | Noticed a deep elf zephyrmancer
  1946 | D        | Killed a deep elf zephyrmancer
  1990 | D        | Killed a deep elf zephyrmancer
  2031 | D        | Killed a deep elf pyromancer
  2055 | D        | Killed a deep elf zephyrmancer
  2056 | D        | Killed a deep elf pyromancer
  2187 | D        | Noticed a cane toad
  2187 | D        | Noticed a cane toad
  2189 | D        | Killed a cane toad
  2190 | D        | Reached XP level 11. HP: 65/98 MP: 11/11
  2646 | D        | Noticed a lindwurm
  3276 | D        | Noticed Rupert
  3312 | D        | Noticed a dire elephant
  3317 | D        | Killed a dire elephant
  3318 | D        | Reached skill level 10 in Ranged Weapons
  3355 | D        | Noticed a dire elephant
  3356 | D        | Noticed Gastronok
  3618 | D        | Killed Gastronok
  3685 | D        | Killed a dire elephant
  3686 | D        | Reached skill level 15 in Fighting
  3743 | D        | Noticed Edmund
  3744 | D        | Edmund changed into Edmund the ogre
  3744 | D        | Noticed Edmund
  3744 | D        | Noticed Sigmund
  3745 | D        | Killed Edmund the ogre
  3746 | D        | Reached skill level 1 in Armour
  3749 | D        | Killed Sigmund
  3750 | D        | Reached XP level 12. HP: 62/109 MP: 12/12
  3889 | D        | Noticed a yaktaur captain
  3920 | D        | Killed a six-headed hydra
  4084 | D        | Noticed a soul eater
  4275 | D        | Noticed a soul eater
  4289 | D        | Reached skill level 5 in Throwing
  4392 | D        | Found Tyagips's Antique Weapon Shop.
  4392 | D        | Found Uhel's Armour Shoppe.
  4392 | D        | Found Kovel's Armour Emporium.
  4392 | D        | Found Waumic's Armour Boutique.
  4392 | D        | Found Loekox's Jewellery Emporium.
  4392 | D        | Found Eggom's Distillery.
  4392 | D        | Found Huqotudo's Magic Scroll Shoppe.
  4392 | D        | Found Deulapp's General Store.
  4392 | D        | Found Beleq's Antique Armour Shop.
  4392 | D        | Found Cophaifu's Book Boutique.
  4392 | D        | Found Kogie's General Store.
  4435 | D        | Bought a scroll of acquirement for 676 gold pieces
  4435 | D        | Acquired a +2 hand cannon of flaming
  4448 | D        | Bought a potion of heal wounds for 50 gold pieces
  4448 | D        | Bought a potion of lignification for 30 gold pieces
  4450 | D        | Bought a potion of heal wounds for 55 gold pieces
  4450 | D        | Bought a potion of invisibility for 88 gold pieces
  4452 | D        | Bought a potion of curing for 30 gold pieces
  4452 | D        | Bought 2 potions of curing for 60 gold pieces
  4452 | D        | Bought a potion of curing for 30 gold pieces
  4452 | D        | Bought a potion of haste for 100 gold pieces
  4454 | D        | Bought a scroll of fear for 56 gold pieces
  4454 | D        | Bought 6 atropa-tipped darts for 75 gold pieces
  4550 | D        | Noticed Urug
  4556 | D        | Killed Urug
  4672 | D        | Noticed an eight-headed hydra
  4695 | D        | Killed an eight-headed hydra
  4730 | D        | Found a blossoming altar of Fedhas.
  4740 | D        | Noticed a kraken
  4769 | D        | Killed a kraken
  4788 | D        | Noticed an alligator snapping turtle
  4831 | D        | Noticed an alligator snapping turtle
  4949 | D        | Killed an alligator snapping turtle
  4960 | D        | Killed an alligator snapping turtle
  5167 | D        | Found Hulul's Antique Weapon Emporium.
  5167 | D        | Found Cuwuino's Book Shop.
  5167 | D        | Found Gucear's Distillery.
  5307 | D        | Got a barnacled rune of Zot
  5311 | D        | Bought a potion of heal wounds for 60 gold pieces
  5311 | D        | Bought 2 potions of heal wounds for 120 gold pieces
  5311 | D        | Bought a potion of invisibility for 96 gold pieces
  5311 | D        | Bought a potion of cancellation for 96 gold pieces
  5311 | D        | Bought a potion of ambrosia for 96 gold pieces
  5311 | D        | Bought a potion of curing for 36 gold pieces
  5314 | D        | Bought a runed sling for 108 gold pieces
  5476 | D        | Reached skill level 15 in Ranged Weapons
  5530 | D        | Identified the ring "Pufe" {rElec rN+ rCorr Str+6 Dex-3}
  5539 | D        | Identified the amulet "Liuzeh" {Faith *Slow rPois Will+
                  | Int+4}
  5587 | D        | Noticed a centaur warrior
  5596 | D        | Killed a centaur warrior
  5597 | D        | Reached XP level 13. HP: 87/115 MP: 13/13
  5673 | D        | Noticed a fire dragon
  5685 | D        | Killed a fire dragon
  6768 | D        | Noticed a yaktaur captain
  6802 | D        | Killed a yaktaur captain
  6832 | D        | Noticed Chuck
  6843 | D        | Killed Chuck
  6896 | D        | Reached skill level 5 in Armour
  6896 | D        | Noticed Sojobo
  6902 | D        | Killed Sojobo
  7030 | D        | Noticed a lich
  7043 | D        | Killed a lich
  7215 | D        | Noticed a shadow dragon
  7215 | D        | Noticed a shadow dragon
  7675 | D        | Killed a shadow dragon
  7682 | D        | Killed a shadow dragon
  8184 | D        | Noticed a frost giant
  8184 | D        | Noticed a vault guard
  8184 | D        | Noticed a vault guard
  8185 | D        | Noticed a vault guard
  8216 | D        | Noticed a vault guard
  8232 | D        | Noticed a vault guard
  8249 | D        | Killed a vault guard
  8278 | D        | Killed a vault guard
  8362 | D        | Killed a vault guard
  8374 | D        | Noticed a vault guard
  8374 | D        | Noticed a fire giant
  8380 | D        | Killed a vault guard
  8381 | D        | Reached XP level 14. HP: 57/128 MP: 14/14
  8389 | D        | Killed a fire giant
  8390 | D        | Reached skill level 15 in Dodging
  8451 | D        | Identified the +0 robe of Gioll {+Blink rC+++ Int+2}
  8505 | D        | Noticed a quicksilver dragon
  8507 | D        | Identified the +8 chain mail of the Saviour {Will+}
  8509 | D        | Killed a quicksilver dragon
  8751 | D        | Noticed a quicksilver dragon
  8757 | D        | Killed a quicksilver dragon
  9000 | D        | Noticed a stone giant
  9014 | D        | Killed a stone giant
  9054 | D        | Noticed a fire giant
  9060 | D        | Killed a fire giant
  9094 | D        | Noticed a titan
  9103 | D        | Killed a titan
  9176 | D        | Reached skill level 27 in Evocations
  9458 | D        | Killed a frost giant
  9514 | D        | Noticed a stone giant
  9527 | D        | Killed a stone giant
  9609 | D        | Found the +0 cloak of the Thief {Quiet Slay-3 SInv Stlth+}
  9615 | D        | Reached skill level 15 in Armour
  9623 | D        | Got a silver rune of Zot
  9635 | D        | Got the Thoughts on Immolation and Cryomancy
  9642 | D        | Identified the staff "Dyukof" {*Slow rPois rN+ Str-2 Int+8
                  | Necro}
  9654 | D        | Acquired the +1 pair of boots "Fowoc" {Str+7}
  9817 | D        | Killed Rupert
 10059 | D        | Noticed an azure jelly
 10059 | D        | Noticed an azure jelly
 10084 | D        | Reached XP level 15. HP: 107/141 MP: 15/15
 10168 | D        | Noticed an azure jelly
 10168 | D        | Noticed an azure jelly
 10780 | D        | Noticed a nagaraja
 10895 | D        | Found Vohi Hiy's Antique Armour Boutique.
 10895 | D        | Found Reeng's Distillery.
 10954 | D        | Killed a nagaraja
 10957 | D        | Found Luref's Jewellery Shop.
 10978 | D        | Got a serpentine rune of Zot
 10990 | D        | Bought a potion of ambrosia for 88 gold pieces
 10990 | D        | Bought a potion of curing for 33 gold pieces
 10990 | D        | Bought a potion of heal wounds for 55 gold pieces
 10990 | D        | Bought a potion of curing for 33 gold pieces
 10990 | D        | Bought a potion of curing for 33 gold pieces
 10990 | D        | Bought a potion of haste for 110 gold pieces
 10990 | D        | Bought a potion of heal wounds for 55 gold pieces
 10991 | D        | Bought a heavily runed scale mail for 207 gold pieces
 10991 | D        | Identified the +5 scale mail of Altruism {Harm rC++ Int-4}
                  | (You bought it in a shop in the Dungeon)
 10991 | D        | Bought a pair of runed gloves for 172 gold pieces
 11404 | D        | Paralysed by an air elemental for 1 turns
 11614 | D        | Paralysed by a hornet for 1 turns
 11814 | D        | Identified the +9 hand cannon of Hep Meism {antimagic,
                  | Str+3}
 12035 | D        | Noticed an ancient lich
 12045 | D        | Identified the staff "Qywnuunex" {rPois rN+++ rCorr Int-2
                  | SInv Alchemy}
 13481 | D        | Noticed a deep elf blademaster
 13495 | D        | Killed a deep elf blademaster
 13515 | D        | Identified the +0 ring mail of Aqotyg {+Inv Dex+2}
 13517 | D        | Identified the +2 robe of the Gravedigger {Str+3 SInv}
 13518 | D        | Got Sif Muna's Atlas of the Hindering Lungs
 13578 | D        | Found a hide-covered altar of Uskayaw.
 13578 | D        | Found an iron altar of Okawaru.
 13579 | D        | Found a roughly hewn altar of Beogh.
 13579 | D        | Found a bloodstained altar of Trog.
 13579 | D        | Found an ornate altar of the Wu Jian Council.
 13587 | D        | Found a glowing silver altar of Zin.
 13587 | D        | Found a glowing golden altar of the Shining One.
 13587 | D        | Found a white marble altar of Elyvilon.
 13959 | D        | Found Giuzet's Armour Shop.
 13959 | D        | Identified the +2 robe of Oblivion {Str+4 Stlth+}
 13959 | D        | Noticed Boris
 14005 | D        | Noticed an Executioner
 14008 | D        | Killed an Executioner
 14050 | D        | Killed Boris
 14051 | D        | Reached skill level 27 in Fighting
 14070 | D        | Noticed a deep elf blademaster
 14173 | D        | Noticed a deep elf blademaster
 14183 | D        | Killed a deep elf blademaster
 14344 | D        | Noticed a deep elf blademaster
 14347 | D        | Noticed Mara
 14359 | D        | Killed a deep elf blademaster
 14360 | D        | Reached XP level 16. HP: 153/167 MP: 5/16
 14452 | D        | Found Muleazia's Distillery.
 14452 | D        | Found Initasm's Distillery.
 14452 | D        | Found Udicret's Armour Emporium.
 14452 | D        | Noticed Roxanne
 14459 | D        | Reached skill level 1 in Shapeshifting
 14462 | D        | Killed Roxanne
 14469 | D        | Reached skill level 5 in Shapeshifting
 14478 | D        | Bought a potion of curing for 36 gold pieces
 14478 | D        | Bought a potion of heal wounds for 60 gold pieces
 14478 | D        | Bought a potion of haste for 120 gold pieces
 14478 | D        | Bought a potion of cancellation for 96 gold pieces
 14478 | D        | Bought a potion of haste for 120 gold pieces
 14478 | D        | Bought a potion of heal wounds for 60 gold pieces
 14478 | D        | Bought a potion of lignification for 36 gold pieces
 14478 | D        | Bought a potion of attraction for 36 gold pieces
 14479 | D        | Bought a potion of haste for 130 gold pieces
 14479 | D        | Bought a potion of curing for 39 gold pieces
 14479 | D        | Bought a potion of heal wounds for 65 gold pieces
 14479 | D        | Bought a potion of curing for 39 gold pieces
 14479 | D        | Bought a potion of invisibility for 104 gold pieces
 14479 | D        | Bought 2 potions of resistance for 260 gold pieces
 14479 | D        | Bought a potion of lignification for 39 gold pieces
 14608 | D        | Found Hophit's Distillery.
 14622 | D        | Killed Mara
 14677 | D        | Bought a potion of curing for 33 gold pieces
 14677 | D        | Bought 2 potions of curing for 66 gold pieces
 14677 | D        | Bought a potion of heal wounds for 55 gold pieces
 14685 | D        | Noticed Nessos
 14690 | D        | Killed Nessos
 14774 | D        | Killed a deep elf blademaster
 14829 | D        | Noticed a storm dragon
 14830 | D        | Noticed Nikola
 14857 | D        | Killed a storm dragon
 14858 | D        | Noticed Mennas
 14868 | D        | Killed Nikola
 14890 | D        | Killed Mennas
 14891 | D        | Reached skill level 15 in Shapeshifting
 14923 | D        | Bought a potion of enlightenment for 60 gold pieces
 15089 | D        | Bought a potion of enlightenment for 60 gold pieces
 15089 | D        | Bought a potion of enlightenment for 60 gold pieces
 15170 | D        | Noticed Azrael
 15176 | D        | Killed Azrael
 15215 | D        | Acquired the +5 hand cannon of the Foot {drain, *Slow rC+
                  | Str+3 Int+3}
 15216 | D        | Acquired the +7 hand cannon "Qokhac" {flame, rElec rCorr}
 15747 | D        | Noticed a sphinx
 15747 | D        | Noticed a sphinx
 15755 | D        | Killed a sphinx
 15774 | D        | Killed a sphinx
 16718 | D        | Identified the +9 sling of Integrity {freeze, rCorr}
 16718 | D        | Identified the +5 sling of Wariness {heavy, +Blink Str+3
                  | Stlth+}
 16730 | D        | Identified the +6 dagger of Hatred {speed, rC+ Will+}
 16808 | D        | Reached skill level 15 in Throwing
 17152 | D        | Noticed a royal mummy
 17157 | D        | Reached XP level 17. HP: 172/172 MP: 17/17
 17182 | D        | Killed a royal mummy
 17190 | D        | Noticed a royal mummy
 17404 | D        | Killed a royal mummy
 17606 | D        | Got a golden rune of Zot
 17610 | D        | Acquired the +1 pair of boots of the Game of Life {rPois
                  | Str+3}
 17611 | D        | Acquired the +2 pair of boots "Maiqimeid" {rN+ Int+2 SInv}
 17612 | D        | Acquired 605 gold pieces
 17613 | D        | Acquired the +0 pair of gloves of Jeosk {rF+ Int-2 Dex+3}
 17643 | D        | Acquired 769 gold pieces
 17659 | D        | Acquired a turboramjet N-00 {Rampage Acrobat rElec rF+}
 17926 | D        | Identified the +10 longbow of Eternal Harmony {drain,
                  | Dex+3}
 17929 | D        | Got the Monograph on the Missiles
 18346 | D        | Noticed Geryon
 18404 | D        | Killed Geryon
 18711 | D        | Upgraded the game from 0.32-a0-656-g3542139ebd to
                  | 0.32-a0-666-ge8a88695a4
 18741 | D        | Noticed an iron giant
 18748 | D        | Killed an iron giant
 18862 | D        | Noticed Gloorx Vloq
 18868 | D        | Killed Gloorx Vloq
 18953 | D        | Noticed a royal mummy
 18968 | D        | Killed a royal mummy
 19194 | D        | Noticed a Hell Sentinel
 19201 | D        | Killed a Hell Sentinel
 19209 | D        | Identified the +1 hat of Repoyw {rElec rF+++ Will- Str-3}
 19209 | D        | Identified the +1 buckler of the Land of Plenty {Fly Will+
                  | Str+2}
 19248 | D        | Noticed a Hell Sentinel
 19248 | D        | Noticed Dispater
 19248 | D        | Noticed a Hell Sentinel
 19265 | D        | Killed a Hell Sentinel
 19272 | D        | Killed a Hell Sentinel
 19302 | D        | Noticed a Hell Sentinel
 19304 | D        | Killed Dispater
 19357 | D        | Got an iron rune of Zot
 19443 | D        | Noticed the Serpent of Hell
 19450 | D        | Noticed a Brimstone Fiend
 19456 | D        | Killed the Serpent of Hell
 19457 | D        | Reached skill level 27 in Dodging
 19457 | D        | Reached XP level 18. HP: 104/182 MP: 18/18
 19459 | D        | Killed a Brimstone Fiend
 20041 | D        | Learned a level 2 spell: Blink
 20048 | D        | Identified the +7 morningstar of Ciyqing {spect, *Slow
                  | Str+2 SInv Stlth+}
 20075 | D        | Got an obsidian rune of Zot
 20083 | D        | Identified the +3 scale mail of Bioh Tuo {Fly Int+3}
 20113 | D        | Reached skill level 5 in Translocations
 20115 | D        | Learned a level 1 spell: Apportation
 20118 | D        | Learned a level 2 spell: Lesser Beckoning
 20122 | D        | Learned a level 3 spell: Gell's Gravitas
 20126 | D        | Learned a level 3 spell: Teleport Other
 20197 | D        | Noticed a Killer Klown
 20206 | D        | Killed a Killer Klown
 20231 | D        | Noticed an Orb Guardian
 20241 | D        | Killed an Orb Guardian
 20241 | D        | Noticed an Orb Guardian
 20247 | D        | Killed an Orb Guardian
 20427 | D        | Noticed an ancient lich
 20439 | D        | Killed an ancient lich
 20478 | D        | Noticed an electric golem
 20489 | D        | Killed an electric golem
 20802 | D        | Found the +4 dragonskin cloak
 20802 | D        | Noticed Tiamat
 20810 | D        | Killed Tiamat
 20823 | D        | Noticed an orb of fire
 20823 | D        | Gained mutation: You are vulnerable to heat. (rF-) [an orb
                  | of fire]
 20825 | D        | Lost mutation: You are vulnerable to heat. (rF-) [potion of
                  | mutation]
 20825 | D        | Gained mutation: Armour fits poorly on your strangely
                  | shaped body. [potion of mutation]
 20825 | D        | Gained mutation: You are agile. (Dex +4, Str/Int -1)
                  | [potion of mutation]
 20825 | D        | Gained mutation: You sometimes lose your temper in combat.
                  | [potion of mutation]
 20838 | D        | Killed an orb of fire
 20878 | D        | Noticed an Orb Guardian
 20878 | D        | Noticed an Orb Guardian
 20890 | D        | Gained mutation: Your spells are a little easier to cast,
                  | but a little less powerful. [a zot statue]
 20913 | D        | Got the Orb of Zot
 20924 | D        | Gained mutation: Your magical capacity is low. (-10% MP)
                  | [mutagenic glow]
 20942 | D        | Noticed Jiamaosoacw the pandemonium lord
 20948 | D        | Gained mutation: You occasionally lose the ability to drink
                  | potions when taking damage. [mutagenic glow]
 20952 | D        | Killed Jiamaosoacw the pandemonium lord
 20978 | D        | Lost mutation: You occasionally lose the ability to drink
                  | potions when taking damage. [potion of mutation]
 20978 | D        | Lost mutation: You are agile. (Dex +4, Str/Int -1) [potion
                  | of mutation]
 20978 | D        | Lost mutation: Armour fits poorly on your strangely shaped
                  | body. [potion of mutation]
 20978 | D        | Gained mutation: You are partially covered in iridescent
                  | scales. (AC +2) [potion of mutation]
 20978 | D        | Gained mutation: You are somewhat resistant to further
                  | mutation. [potion of mutation]
 21125 | D        | Escaped with the Orb!

Illustrated notes

Levels and vault maps discovered:
D:        dungeon_sprint_mu [sprint_mu_entry_cave, sprint_mu_temple_rooms,
          sprint_mu_d1_spiders, sprint_mu_d2_genie, sprint_mu_d3_branching,
          sprint_mu_orc_legion, sprint_mu_elf_gauntlet, sprint_mu_hive_nellie,
          sprint_mu_lair_fedhas, sprint_mu_vaults_butterflies,
          sprint_mu_slime_circle, sprint_mu_shoals_kraken,
          sprint_mu_snake_twists, sprint_mu_blade_basic, sprint_mu_crypt_lich,
          sprint_mu_tomb_spiral, sprint_mu_vestibule_basic,
          sprint_mu_gehenna_hellfire, sprint_mu_dis_giant,
          sprint_mu_tartarus_statrot, sprint_mu_cocytus_islands, sprint_mu_zot1]

Skill      XL: |  1  2  3  4  5  6  7  8  9 10 11 12 13 14 15 16 17 18 |
---------------+-------------------------------------------------------+-----
Ranged Weapons | 6 9 10 15 18 | 18.0
Stealth        | 1 3 4 5 7 |  7.0
Fighting       | 3 4 7 8 10 11 13 15 17 20 27 | 27.0
Dodging        | 3 6 7 11 13 14 15 16 27 | 27.0
Evocations     | 7 8 13 15 16 20 22 24 27 | 27.0
Armour         | 4 11 16 18 24 | 24.6
Throwing       | 6 15 16 | 16.0
Shapeshifting  | 16 17 | 17.5
Translocations | 11 | 11.4

Action                     |  1- 3 |  4- 6 |  7- 9 | 10-12 | 13-15 | 16-18 || total
---------------------------+-------+-------+-------+-------+-------+-------++-------
  Melee: Unarmed           |     8 |       |       |       |       |       ||     8
   Fire: Sling             |    34 |    62 |   142 |   523 |   445 |       ||  1206
         Hand cannon       |       |       |       |    89 |   739 |   886 ||  1714
  Throw: Dart              |       |       |       |       |     4 |       ||     4
   Cast: Blink             |       |       |       |       |       |     4 ||     4
         Apportation       |       |       |       |       |       |     3 ||     3
 Invoke: Potion Petition   |       |       |       |     2 |     7 |     3 ||    12
Ability: Begin Untransform |       |       |       |       |       |     4 ||     4
         Invent Gizmo      |       |       |       |       |       |     1 ||     1
  Evoke: Wand              |     2 |     2 |       |     7 |     4 |     5 ||    20
         Lightning rod     |       |       |    24 |    46 |    72 |    22 ||   164
         Phantom mirror    |       |       |       |       |     2 |     9 ||    11
         Sack of spiders   |       |       |       |       |       |     7 ||     7
         Horn of Geryon    |       |       |       |       |       |     5 ||     5
    Use: Potion            |     1 |       |       |     2 |    13 |    16 ||    32
         Scroll            |     2 |       |       |     2 |     4 |    13 ||    21
   Stab: Confused          |     1 |       |       |       |       |       ||     1
 Armour: Skin              |     1 |       |       |       |       |   289 ||   290
         Robe              |       |     3 |    18 |       |    10 |       ||    31
         Leather armour    |       |       |       |   102 |    60 |       ||   162
         Chain mail        |       |       |       |       |   237 |    85 ||   322
  Dodge: Dodged            |     5 |     3 |    21 |   158 |   221 |   678 ||  1086
   Form: Statue            |       |       |       |       |       |     4 ||     4

Table legend: (Time is in decaauts) A = Elapsed time spent in this place. B = Non-inter-level travel time spent in this place. C = Inter-level travel time spent in this place. D = Time resting spent in this place. E = Time spent auto-exploring this place. F = Levels seen in this place. G = Mean time per level. A B C D E F G +--------+--------+--------+--------+--------+-----+--------+ Total | 23863 | 21880 | 1983 | 7871 | 8185 | 1 | 23863.0 | Dungeon | 23863 | 21880 | 1983 | 7871 | 8185 | 1 | 23863.0 | +--------+--------+--------+--------+--------+-----+--------+

Top non-repeatable levels by time:
       D: 23863 daAuts
